 Dungeon Crawl Stone Soup version 0.29.1-12-g30fa7ad0bf (webtiles) character file.

Game seed: 11985232092769779077

990 DildoBatman the Magician (level 8, -2/58 HPs)
             Began as a Formicid Conjurer on Dec 28, 2022.
             Slain by a bullfrog (4 damage)
             ... in a sewer.
             The game lasted 00:20:52 (5172 turns).

DildoBatman the Magician (Formicid Conjurer)        Turns: 5172, Time: 00:20:52

Health: -2/58      AC:  2    Str: 12    XL:     8   Next: 41%
Magic:  15/17      EV: 12    Int: 20    God:
Gold:   163        SH:  5    Dex: 12    Spells: 17/20 levels left

rFire   . . .      SeeInvis +   a - +5 halberd
rCold   . . .      Faith    .   (no shield)
rNeg    . . .      Spirit   .   x - +0 robe
rPois   .          Reflect  +   (helmet unavailable)
rElec   .          Harm     .   (no cloak)
rCorr   .          Rampage  .   (no gloves)
Will    .....                   (no boots)
Stlth   ++........              g - amulet of reflection
HPRegen 0.19/turn               G - ring of flight
MPRegen 0.15/turn               (no ring)

@: flying, invisible
A: permanent stasis, dig shafts and tunnels, antennae 3, four strong arms
a: Dig


You were in a sewer.
You visited 1 branch of the dungeon, and saw 6 of its levels.
You also visited: Sewer and Ossuary.

You collected 163 gold pieces.

Inventory:

Hand Weapons
 a - a +5 halberd (weapon)
 b - a +0 sling
 c - a +0 arbalest
Missiles
 h - 8 boomerangs
 k - 24 stones
 B - 2 silver javelins
Armour
 x - a +0 robe (worn)
Jewellery
 g - an amulet of reflection (around neck)
 l - an amulet of faith
 G - a ring of flight (left hand)
Scrolls
 e - a scroll of blinking {unknown}
 m - a scroll of silence {unknown}
 o - a scroll of poison {unknown}
 t - a scroll of enchant armour {unknown}
 u - a scroll of vulnerability {unknown}
 y - 3 scrolls of fog
 C - 3 scrolls of fear {unknown}
 F - a scroll of identify
Potions
 d - 3 potions of flight {unknown}
 f - a potion of brilliance {unknown}
 i - 3 potions of heal wounds {unknown}
 j - 2 potions of cancellation {unknown}
 n - 2 potions of mutation {unknown}
 p - 2 potions of resistance {unknown}
 q - a potion of berserk rage {unknown}
 r - 2 potions of haste
 s - 6 potions of curing {unknown}
 v - a potion of degeneration {unknown}
 w - a potion of attraction {unknown}
 z - 2 potions of might {unknown}
 A - 2 potions of invisibility
 D - 2 potions of lignification {unknown}
 E - 2 potions of magic


   Skills:
 - Level 3.0 Fighting
 - Level 3.0 Armour
 - Level 2.0 Dodging
 - Level 2.4 Stealth
 * Level 6.6 Spellcasting
 - Level 6.0 Conjurations


You had 17 spell levels left.
You knew the following spells:

 Your Spells              Type           Power      Damage    Failure   Level
a - Searing Ray           Conj           60%        2d6       1%          2
c - Magic Dart            Conj           100%       1d8       1%          1

Your spell library contained the following spells:

 Spells                   Type           Power      Damage    Failure   Level
 Dazzling Flash           Conj/Hex       36%        N/A       9%          3
 Apportation              Tloc           12%        N/A       10%         1
 Necrotise                Necr           24%        1d5       10%         1
 Summon Small Mammal      Summ           24%        N/A       10%         1
 Fulminant Prism          Conj/Hex       9%         3d7       28%         4
 Iskenderun's Mystic Bla  Conj/Tloc      18%        2d6       28%         4


Dungeon Overview and Level Annotations

Branches:
Dungeon (6/15)              Sewer (1/1)             Ossuary (visited)
 Temple: D:4-7

Altars:
Gozag
Ru
Sif Muna
Trog
Uskayaw
Yredelemnul
Zin

Shops:
D:1 =

Annotations:
D:2 exclusions: jackal and 2 sensed monsters (detected)
D:3 3 runed translucent doors, GeoRichter's ghost, weakling GrFE; Grinder; Sigmund
D:5 exclusion: 2 sensed monsters (detected)
D:6 exclusions: black bear, lemure, ogre and 3 sensed monsters (detected)


Innate Abilities, Weirdness & Mutations

You cannot be hasted, slowed, berserked, paralysed or teleported.
You can dig through walls and to a lower floor.
You have a pair of large antennae on your head. (SInv)
Your four strong arms can wield two-handed weapons with a shield.


Message History

The bullfrog hits you. The adder bites you.
The bullfrog attacks as you move away! The bullfrog completely misses you.
The ball python closely misses you. x2
The bullfrog barely misses you. The adder attacks as you move away!
You block the adder's attack.
You see here a rat corpse.
The bullfrog attacks as you move away! The bullfrog hits you. x2
The bullfrog attacks as you move away! The bullfrog hits you!
The bullfrog hits you.
You see here a ball python corpse.
You block the bullfrog's attack. The bullfrog closely misses you. x2
There is an open door here.
You see here an adder corpse.
The bullfrog attacks as you move away! The bullfrog closely misses you.
Casting: Magic Dart (safe; 1% risk of failure)
Confirm with . or Enter, or press ? or * to list all spells.
Aiming: Searing Ray (safe; 1% risk of failure)
Press: ? - help, Shift-Dir - straight line, f - bullfrog
Aim: a bullfrog (74% to hit)
The searing ray hits the bullfrog!
The bullfrog is heavily wounded. (Press . to maintain the ray.)
The bullfrog snags a nearby fly with its tongue.
The bullfrog hits you! The bullfrog hits you.
You fade into invisibility!
The bullfrog closely misses you. x2
The bullfrog barely misses you.
It was a potion of haste.
Your stasis prevents you from being hasted.
The bullfrog barely misses you. The bullfrog hits you.
You die...

##### ####...####
####.......†.####
##......{S.......##
#.......SS#..†....#
##.....{##F##...†..##
#......##@F###......#
##.~~..##..# ##...~.#
#~~~~~~##### #~~~~~~#
#~≈~~~l# #≈~~~~≈#
#≈~~~~≈# #~~~~~≈#
#≈~~~~≈# #~~~≈≈≈#
#≈~~~~l# #~~~~≈≈#
#~≈~~≈≈# #≈††~~≈#
#~~#~≈≈# #≈.....#


You could see 2 bullfrogs, an adder (unable to see you) and a ball python
(unable to see you).

Vanquished Creatures
  A sky beast (D:6)
  An elf zombie (Ossuary)
  5 wights (D:6)
  2 orc priests (D:3)
  A hound (D:6)
  2 human zombies (Ossuary)
  A gnoll bouda (D:6)
  An iguana (D:5)
  3 mummies
  4 gnolls (D:6)
  12 adders
  4 river rats (Sewer)
  2 shadow imps (D:6)
  2 ufetubi
  2 adder zombies (Ossuary)
  A worm (D:5)
  2 dart slugs
  6 orcs
  13 ball pythons
  5 endoplasms
  2 giant cockroaches
  7 goblins
  4 hobgoblins
  4 jackals (D:1)
  3 kobolds
  A bat (D:3)
  3 frilled lizards
  9 hobgoblin zombies (Ossuary)
  3 jackal zombies (Ossuary)
  10 kobold zombies (Ossuary)
  8 orc zombies (Ossuary)
  31 rats
  A rat zombie (Ossuary)
156 creatures vanquished.

Vanquished Creatures (others)
  An orc (D:3)
1 creature vanquished.

Grand Total: 157 creatures vanquished

Notes
Turn   | Place    | Note
-------+----------+-------------------------------------------
     0 | D:1      | DildoBatman the Formicid Conjurer began the quest for the
                  | Orb.
     0 | D:1      | Reached XP level 1. HP: 13/13 MP: 3/3
   213 | D:1      | Found Huesiec's Jewellery Emporium.
   219 | D:1      | Reached XP level 2. HP: 20/20 MP: 3/5
   222 | D:1      | Learned a level 2 spell: Searing Ray
   455 | D:1      | Reached skill level 1 in Fighting
   456 | D:1      | Reached skill level 1 in Armour
   456 | D:1      | Reached XP level 3. HP: 21/26 MP: 0/6
   944 | D:2      | Found a faded altar of an unknown god.
  1168 | D:2      | Reached XP level 4. HP: 32/32 MP: 4/8
  1852 | D:3      | Identified the +1 helmet of Dithmenos's Delight {Harm}
  1965 | D:3      | Reached XP level 5. HP: 37/38 MP: 3/9
  2116 | D:3      | Noticed Sigmund
  2236 | D:3      | Noticed Grinder
  2699 | D:3      | Found a runed translucent gate.
  2699 | D:3      | Found a runed translucent gate.
  2699 | D:3      | Found a runed translucent gate.
  2701 | D:3      | Found an opulent altar of Gozag.
  2703 | D:3      | Noticed GeoRichter's ghost (weakling GrFE)
  2813 | D:3      | You are sucked into a shaft and drop 2 floors!
  2813 | D:5      | Entered Level 5 of the Dungeon
  2837 | D:5      | Found a sand-covered staircase.
  2920 | D:5      | Reached XP level 6. HP: 45/46 MP: 1/11
  3028 | D:5      | Found a bloodstained altar of Trog.
  3028 | D:5      | Found an opulent altar of Gozag.
  3080 | D:4      | Found a basalt altar of Yredelemnul.
  3082 | D:4      | Found a sacrificial altar of Ru.
  3141 | Ossuary  | Entered an ossuary
  3641 | Ossuary  | Reached XP level 7. HP: 26/52 MP: 1/13
  4136 | D:6      | Reached skill level 5 in Conjurations
  4242 | D:6      | Found a shimmering blue altar of Sif Muna.
  4243 | D:6      | Found a glowing silver altar of Zin.
  4245 | D:6      | Found a hide-covered altar of Uskayaw.
  4305 | D:6      | Reached skill level 5 in Spellcasting
  4371 | D:6      | Reached XP level 8. HP: 44/58 MP: 7/16
  4559 | D:6      | Found a glowing drain.
  4568 | Sewer    | Entered a sewer
  5170 | Sewer    | HP: 2/58 [bullfrog (4)]
  5172 | Sewer    | Slain by a bullfrog

Illustrated notes

Levels and vault maps discovered:
D:1:      minmay_arrival_checkered_box, layout_loops_ring, serial_shops, shop,
          minmay_misc_feat_tower
D:2:      minmay_door_path, layout_basic,
          hellmonk_ecumenical_altar_inner_sanctum, minmay_quantized
D:3:      layout_basic, ebering_ghost_gozag, amcnicky_mini_corridor_feature,
          uniq_sigmund, uniq_grinder
D:4:      layout_basic, mainiacjoe_overflow_catwalk_spiral, abandoned_shop
D:5:      layout_basic, gammafunk_temple_overflow_elements,
          nicolae_ossuary_entry_giza, minmay_pentangle
D:6:      layout_rooms, minitemple, portal_sewer_entry_d, uniq_pikel
Sewer:    sewer_minmay_w

Skill      XL: |  1  2  3  4  5  6  7  8 |
---------------+-------------------------+-----
Dodging        | 2 |  2.0
Fighting       | 1 2 3 |  3.0
Armour         | 1 2 3 |  3.0
Conjurations   | 4 5 6 |  6.0
Spellcasting   | 3 4 5 6 |  6.6
Stealth        | |  2.4

Action                   |  1- 3 |  4- 6 |  7- 9 || total
-------------------------+-------+-------+-------++-------
Melee: Unarmed           |     1 |       |       ||     1
       Dagger            |    14 |       |       ||    14
       Spear             |       |     8 |       ||     8
       Halberd           |       |       |    48 ||    48
       Punch             |       |       |     1 ||     1
 Fire: Sling             |       |   125 |    22 ||   147
 Cast: Magic Dart        |    57 |    25 |    35 ||   117
       Searing Ray       |     2 |    21 |    20 ||    43
 Abil: Dig               |       |     2 |       ||     2
       Shaft Self        |       |     1 |       ||     1
  Use: Scroll            |       |     5 |       ||     5
       Potion            |       |       |     2 ||     2
 Stab: Sleeping          |       |       |     1 ||     1
Armor: Robe              |     2 |    22 |     8 ||    32
Dodge: Dodged            |    14 |    81 |    61 ||   156
Block: Other             |       |       |     9 ||     9
